 Dungeon Crawl Stone Soup version 0.29-a0-317-gd16b76e6b1 (webtiles) character file.

Game seed: 243965226075833634

3777 Bnni the Covert (level 10, -5/71 HPs)
             Began as an Octopode Fighter on Apr 1, 2022.
             Was an Initiate of Gozag.
             Slain by a vampire (14 damage)
             ... on level 8 of the Dungeon.
             The game lasted 00:28:03 (11730 turns).

Bnni the Covert (Octopode Fighter)                 Turns: 11730, Time: 00:28:04

Health: -5/71      AC:  1    Str: 16    XL:     10   Next: 16%
Magic:  10/10      EV: 13    Int: 11    God:    Gozag
Gold:   767        SH:  5    Dex: 15    Spells: 9/9 levels left

rFire   . . .      SeeInvis .   c - +2 short sword (drain)
rCold   . . .      Faith    .   b - +0 buckler
rNeg    . . .      Spirit   .   (helmet restricted)
rPois   .          Reflect  .   (no amulet)
rElec   .          Harm     .   (no ring)
rCorr   .          Rampage  .   (no ring)
Will    .....                   (no ring)
Stlth   ++++++....              (no ring)
HPRegen 0.21/turn               (no ring)
MPRegen 0.12/turn               (no ring)
                                (no ring)
                                (no ring)

@: about to teleport
A: almost no armour, amphibious, 8 rings, camouflage 1, gelatinous body 1,
(nimble swimmer 1), tentacles
a: Renounce Religion, Potion Petition, Call Merchant, Bribe Branch


You were on level 8 of the Dungeon.
You worshipped Gozag.
Gozag was pleased with you.
You visited 2 branches of the dungeon, and saw 9 of its levels.

You collected 863 gold pieces.
You paid 96 gold pieces to Gozag.

Inventory:

Hand Weapons
 c - a +2 short sword of draining (weapon)
 t - a +2 vampiric dagger
Missiles
 q - 23 poisoned darts (quivered)
 u - a curare-tipped dart
Armour
 b - a +0 buckler (worn)
Wands
 e - a wand of flame (46)
Scrolls
 d - a scroll of silence
 h - a scroll of immolation {unknown}
 m - a scroll of blinking
 o - a scroll of fog {unknown}
 p - a scroll of holy word {unknown}
 s - a scroll of teleportation
 v - 2 scrolls of enchant armour {unknown}
 w - a scroll of summoning {unknown}
 x - a scroll of vulnerability
 y - a scroll of enchant weapon {unknown}
Potions
 a - a potion of curing
 f - a potion of berserk rage {unknown}
 g - 4 potions of heal wounds
 i - 3 potions of resistance
 j - a potion of ambrosia {unknown}
 k - 3 potions of cancellation
 l - a potion of magic {unknown}
 n - 5 potions of degeneration {unknown}


   Skills:
 + Level 7.1 Fighting
 * Level 9.4 Short Blades
 - Level 3.0 Dodging
 + Level 12.4 Stealth
 - Level 3.0 Shields


You had 9 spell levels left.
You didn't know any spells.
Your spell library contained the following spells:

 Spells                   Type           Power      Damage    Failure   Level
 Freeze                   Ice            0%         1d3       43%         1
 Sublimation of Blood     Necr           0%         N/A       56%         2
 Frozen Ramparts          Ice            0%         1d2       80%         3
 Tukima's Dance           Hex            0%         N/A       80%         3
 Airstrike                Air            0%         N/A       99%         4
 Hailstorm                Conj/Ice       0%         3d3       99%         4
 Passage of Golubria      Tloc           0%         N/A       99%         4
 Petrify                  Tmut/Erth      0%         N/A       99%         4
 Summon Lightning Spire   Summ/Air       0%         N/A       99%         4
 Irradiate                Conj/Tmut      0%         3d13      100%        5
 Lightning Bolt           Conj/Air       0%         1d11      100%        5
 Yara's Violent Unravell  Hex/Tmut       0%         3d3       100%        5


Dungeon Overview and Level Annotations

Branches:
Dungeon (8/15)             Temple (1/1) D:5
   Lair: D:8-11

Altars:
Ashenzari
Cheibriados
Dithmenos
Elyvilon
Fedhas
Gozag
Hepliaklqana
Kikubaaqudgha
Makhleb
Okawaru
Qazlal
Ru
Sif Muna
Trog
Uskayaw
Vehumet
Wu Jian
Xom
Yredelemnul
Zin

Annotations:
D:3 1 runed translucent door, hemabe71's ghost, amateur HuAr


Innate Abilities, Weirdness & Mutations

You cannot wear most types of armour.
You are amphibious.
You can wear up to eight rings at the same time.
Your skin changes colour to match your surroundings (Stealth+).
Your rubbery body absorbs attacks. (AC +1, EV +1)
((You are camouflaged when in or above water. (Stealth+)))
You have tentacles for arms and can constrict up to eight enemies at once.


Message History

You closely miss the vampire. Your squeeze misses the vampire.
You bump into the rock wall.
The vampire hits you. The vampire bites you.
The vampire draws strength from your injuries!
You bump into the rock wall.
The vampire closely misses you. The vampire bites you!
The vampire draws strength from your injuries!
You feel better. You block the vampire's attack. The vampire bites you!
The vampire draws strength from your injuries!
You closely miss the vampire. Your grab misses the vampire.
You tentacle-slap the vampire, but do no damage.
The vampire hits you! You block the vampire's attack.
You barely miss the vampire. You grab the vampire. You constrict the vampire.
You block the vampire's attack. The vampire bites you!
The vampire draws strength from your injuries!
You hit the vampire. You squeeze the vampire.
The vampire is lightly damaged.
You constrict the vampire, but do no damage.
You hit the vampire but do no damage.
The vampire is lightly damaged.
You constrict the vampire. The vampire hits you. The vampire bites you!
* * * LOW HITPOINT WARNING * * *
The vampire draws strength from your injuries!
You hit the vampire but do no damage.
The vampire is lightly damaged.
You constrict the vampire. The vampire misses you. The vampire bites you.
* * * LOW HITPOINT WARNING * * *
The vampire draws strength from your injuries!
As you read the scroll of teleportation, it crumbles to dust.
You feel strangely unstable.
You constrict the vampire. The vampire barely misses you.
The vampire bites you!
* * * LOW HITPOINT WARNING * * *
The vampire draws strength from your injuries!
You puncture the vampire!
The vampire is moderately damaged.
You constrict the vampire, but do no damage.
You hit the vampire but do no damage.
The vampire is moderately damaged.
You constrict the vampire. The vampire hits you!
You die...
Your body crumbles into a pile of gold.

#.......#
##.......≈≈...
##.....##
#.....≈≈≈≈§≈§≈
#....##
...§§≈≈≈≈§§≈≈≈
#.#.##
#..§≈≈≈≈≈≈≈§≈≈≈
#.###
.§.≈≈≈≈§≈≈≈≈ ≈≈
#.# ...≈≈≈§≈≈.k
§ #.# ..≈≈≈≈§
#.######..≈§≈≈≈
#.....@V..≈§§§.
$
######...≈≈§≈§.
#...≈≈≈§≈.
#....≈§≈§.
#....≈≈≈§≈
###..≈§≈§§
...≈§≈§ ..§§≈≈≈
#...§≈≈


You could see a vampire.

Vanquished Creatures
  Pikel (D:6)
  Grinder (D:5)
  A slime creature (D:7)
  Sigmund (D:5)
  A wyvern (D:8)
  A water moccasin (D:8)
  Duvessa (D:4)
  2 ice beasts (D:5)
  3 ogres
  2 lemures (D:6)
  2 centaurs
  3 phantoms
  4 kobold brigands
  A necrophage (D:6)
  2 bullfrogs
  Blork the orc (D:6)
  A scorpion (D:3)
  Dowan (D:4)
  4 howler monkeys
  An orc priest (D:4)
  A hound (D:5)
  4 iguanas
  6 orc wizards
  17 gnolls
  12 adders
  3 shadow imps
  A white imp (D:8)
  2 ufetubi
  3 dart slugs
  5 worms
  27 orcs
  4 bats
  9 endoplasms
  7 giant cockroaches
  9 hobgoblins
  4 jackals (D:3)
  50 kobolds
  5 quokkas
  2 ball pythons (D:4)
  4 frilled lizards
  4 goblins
  2 rats
215 creatures vanquished.

Notes
Turn   | Place    | Note
-------+----------+-------------------------------------------
     0 | D:1      | Bnni the Octopode Fighter began the quest for the Orb.
     0 | D:1      | Reached XP level 1. HP: 16/16 MP: 1/1
   104 | D:1      | Reached skill level 1 in Stealth
   465 | D:1      | Reached XP level 2. HP: 21/21 MP: 2/2
   559 | D:1      | Found a faded altar of an unknown god.
   898 | D:1      | Reached skill level 2 in Stealth
  1166 | D:2      | Reached XP level 3. HP: 26/26 MP: 3/3
  1345 | D:2      | Reached skill level 3 in Stealth
  1444 | D:2      | Reached XP level 4. HP: 31/31 MP: 4/4
  2249 | D:3      | Reached XP level 5. HP: 25/36 MP: 5/5
  2252 | D:3      | Reached skill level 4 in Stealth
  2655 | D:3      | Noticed a kobold brigand
  2665 | D:3      | Killed a kobold brigand
  3005 | D:3      | Found a runed translucent door.
  3005 | D:3      | Noticed hemabe71's ghost (amateur HuAr)
  3052 | D:3      | Reached skill level 5 in Stealth
  3192 | D:3      | Reached XP level 6. HP: 43/43 MP: 6/6
  4579 | D:4      | Reached skill level 6 in Stealth
  4579 | D:4      | Reached XP level 7. HP: 48/48 MP: 7/7
  4868 | D:4      | Reached skill level 5 in Short Blades
  5291 | D:4      | Noticed Duvessa
  5291 | D:4      | Noticed Dowan
  5456 | D:4      | Killed Dowan
  5457 | D:4      | Reached skill level 7 in Stealth
  5463 | D:4      | Killed Duvessa
  5699 | D:4      | Reached XP level 8. HP: 12/54 MP: 8/8
  6274 | D:4      | Reached skill level 8 in Stealth
  6589 | D:5      | Entered Level 5 of the Dungeon
  6611 | D:5      | Noticed Grinder
  6769 | D:4      | Reached skill level 5 in Fighting
  7090 | D:5      | Found a glowing silver altar of Zin.
  7090 | D:5      | Noticed Sigmund
  7091 | D:5      | Found a stormy altar of Qazlal.
  7094 | D:5      | Found an ornate altar of the Wu Jian Council.
  7095 | D:5      | Found a shimmering blue altar of Sif Muna.
  7109 | D:5      | HP: 2/55 [Sigmund/puff of flame (7)]
  7115 | D:5      | Reached skill level 9 in Stealth
  7123 | D:5      | Killed Sigmund
  7403 | D:5      | Killed Grinder
  7404 | D:5      | Reached skill level 10 in Stealth
  7404 | D:5      | Reached XP level 9. HP: 48/62 MP: 9/9
  7505 | D:5      | Found a staircase to the Ecumenical Temple.
  7514 | Temple   | Entered the Ecumenical Temple
  7627 | Temple   | Became a worshipper of Gozag Ym Sagoz the Greedy
  7730 | D:4      | HP: 3/62 [phantom (2)]
  7735 | D:4      | HP: 2/62 [phantom (2)]
  8548 | D:5      | Found a white marble altar of Elyvilon.
  8839 | D:6      | Noticed Blork the orc
  8846 | D:6      | Killed Blork the orc
  8892 | D:6      | Noticed Pikel
  8916 | D:6      | Killed Pikel
  8917 | D:6      | Reached skill level 11 in Stealth
 10234 | D:7      | Reached skill level 12 in Stealth
 10521 | D:8      | Reached XP level 10. HP: 67/69 MP: 10/10
 10552 | D:8      | Noticed a lindwurm
 11563 | D:8      | Noticed a lindwurm
 11730 | D:8      | Slain by a vampire

Illustrated notes

Levels and vault maps discovered:
D:1:      lightli_arrival_isolated_outpost, layout_rooms,
          dreamdust_ecumenical_altar_sealed_demon, minmay_tromino_i4
D:2:      layout_loops_ring
D:3:      minmay_goblin_kobold_castle, layout_basic, gammafunk_ghost_grave
D:4:      layout_basic, minmay_misc_feat_nine_boxes, grunt_ministairs_12,
          uniq_duvessa
D:5:      layout_cave_pools, kennysheep_mini_moat,
          chequers_temple_overflow_statue_of_worship, minmay_temple_entry_tees,
          uniq_grinder, uniq_sigmund
D:6:      layout_basic, amcnicky_mini_corridor_feature,
          amcnicky_mini_pool_small, wad_floor_pattern_1,
          kennysheep_windowed_goal, uniq_blork_the_orc, uniq_pikel
D:7:      layout_loops_cross, minmay_microvault
D:8:      layout_loops_corners, lair_entry_dummy, minmay_lindwurm_lava
Temple:   eino_temple_scatter_basement

Skill      XL: |  1  2  3  4  5  6  7  8  9 10 |
---------------+-------------------------------+-----
Stealth        | 1 2 3 5 6 7 10 12 | 12.4
Short Blades   | 3 4 5 7 9 |  9.4
Fighting       | 4 5 6 7 |  7.1
Dodging        | |  3.0
Shields        | |  3.0

Action                   |  1- 3 |  4- 6 |  7- 9 | 10-12 || total
-------------------------+-------+-------+-------+-------++-------
Melee: Rapier            |    62 |   149 |    73 |       ||   284
       Constrict         |    16 |    39 |    47 |     9 ||   111
       Tentacles         |     7 |    29 |    70 |    16 ||   122
       Punch             |     2 |     3 |     7 |     1 ||    13
       Dagger            |       |       |   166 |    46 ||   212
       Short sword       |       |       |    62 |     9 ||    71
Throw: Throwing net      |       |     2 |    15 |     1 ||    18
Evoke: Wand              |       |       |     6 |     1 ||     7
  Use: Potion            |       |     1 |     4 |     2 ||     7
       Scroll            |       |     1 |     3 |     5 ||     9
 Stab: Sleeping          |     6 |     9 |    16 |     6 ||    37
       Held in net/web   |       |     1 |     6 |       ||     7
       Paralysed         |       |       |     3 |       ||     3
       Distracted        |       |       |       |     1 ||     1
Armor: Skin              |     5 |    10 |    11 |     1 ||    27
Dodge: Dodged            |    32 |    87 |   107 |    17 ||   243
Block: Buckler           |     7 |    22 |    36 |     4 ||    69

Table legend: (Time is in decaauts)
 A = Elapsed time spent in this place.
 B = Non-inter-level travel time spent in this place.
 C = Inter-level travel time spent in this place.
 D = Time resting spent in this place.
 E = Time spent auto-exploring this place.
 F = Levels seen in this place.
 G = Mean time per level.
                   A        B        C        D        E       F      G
               +--------+--------+--------+--------+--------+-----+--------+
         Total |  11634 |  11399 |    235 |   3668 |   5765 |   9 | 1292.7 |
       Dungeon |  11508 |  11285 |    223 |   3668 |   5673 |   8 | 1438.5 |
        Temple |    126 |    114 |     12 |      0 |     92 |   1 |  126.0 |
               +--------+--------+--------+--------+--------+-----+--------+

Top non-repeatable levels by time:
     D:4: 2875 daAuts
     D:3: 2471 daAuts
     D:1: 1162 daAuts
     D:5: 1108 daAuts
     D:6: 1088 daAuts
     D:7: 983 daAuts
     D:2: 966 daAuts
     D:8: 852 daAuts
  Temple: 126 daAuts
